 Dungeon Crawl Stone Soup version 0.28.0 (webtiles) character file.

Game seed: 9850985996220888097

158 Armakuni the Twirler (level 5, -16/40 (42) HPs)
             Began as a Human Gladiator on Feb 13, 2022.
             Demolished by an ogre (20 damage)
             ... on level 3 of the Dungeon.
             The game lasted 00:04:18 (3087 turns).

Armakuni the Twirler (Human Gladiator)              Turns: 3087, Time: 00:04:18

HP:   -16/40 (42)   AC:  5    Str: 16    XL:     5   Next: 67%
MP:   0/5           EV: 12    Int:  9    God:
Gold: 126           SH:  0    Dex: 14    Spells: 4/4 levels left

rFire   . . .      SeeInvis .   a - +0 quarterstaff
rCold   . . .      Faith    .   (shield currently unavailable)
rNeg    . . .      Spirit   +   b - +0 leather armour
rPois   .          Reflect  .   c - +0 helmet
rElec   .          Harm     .   (no cloak)
rCorr   .          Rampage  .   (no gloves)
Will    .....                   e - +0 pair of boots
Stlth   +.........              G - amulet of guardian spirit
HPRegen 0.13/turn               (no ring)
MPRegen 0.09/turn               (no ring)

@: lightly drained
A: no striking features
a: no special abilities


You were on level 3 of the Dungeon.
You visited 1 branch of the dungeon, and saw 3 of its levels.

You collected 126 gold pieces.

Inventory:

Hand Weapons
 a - a +0 quarterstaff (weapon)
Armour
 b - a +0 leather armour (worn)
 c - a +0 helmet (worn)
 e - a +0 pair of boots (worn)
Jewellery
 G - an amulet of guardian spirit (around neck)
Scrolls
 d - a scroll of identify
Potions
 h - 2 potions of ambrosia
 j - a potion of curing


   Skills:
 - Level 4.0 Fighting
 + Level 4.7 Staves
 - Level 2.0 Throwing
 - Level 3.0 Dodging


You had 4 spell levels left.
You didn't know any spells.
Your spell library contained the following spells:

 Spells                   Type           Power      Damage    Failure   Level
 Freezing Cloud           Conj/Ice/Air   0%         6-21      100%        5
 Simulacrum               Ice/Necr       0%         N/A       100%        6
 Polar Vortex             Ice            0%         N/A       100%        9


Dungeon Overview and Level Annotations

Branches:
Dungeon (3/15)

Altars:

Annotations:
D:3 Sigmund


Message History

The throwing net barely misses the ogre.
You see here a throwing net.
f - a throwing net The ogre hits you with a +0 giant spiked club!
Throw: throwing net
Press: ? - help, Q - select action Shift-Dir - straight line, f - ogre
Aim: an ogre, wielding a +0 giant spiked club (76% to hit)
You throw a throwing net. The throwing net hits the ogre.
The ogre is caught in the net!
The ogre struggles against the net.
You catch the helpless ogre completely off-guard!
You sock the ogre!
The ogre is heavily wounded.
The ogre struggles against the net.
You barely miss the ogre.
The ogre is heavily wounded.
The ogre struggles against the net.
You sock the ogre!
The ogre is severely wounded.
The ogre struggles against the net.
You completely miss the ogre.
The ogre is severely wounded.
The ogre struggles against the net.
You catch the helpless ogre completely off-guard!
You hit the ogre.
The ogre is almost dead.
The ogre struggles against the net.
The net rips apart, and the ogre comes free!
You barely miss the ogre.
The ogre is almost dead.
The ogre closely misses you.
You hit the ogre but do no damage.
The ogre is almost dead.
The ogre hits you with a +0 giant spiked club!!
* * * LOW HITPOINT WARNING * * *
You hit the ogre but do no damage.
The ogre is almost dead.
The ogre hits you with a +0 giant spiked club!!
Ouch! That really hurt!
You die...

#.# #.........# #.#
#.#####.#.# #.# #<#
#.#.# #.# #.# #.#.# #.#
#.# #.#.#
#.####.#####.#.#
#............#.#####
#.####.#.............#
#.####.#.##@....# .#
#.........O.....###..###
#######..##...........>.
#..##.....###..##
#..##...........#
#............#..#
#.###.#.###.## #.....#.#
#.<#
#####.#.............


You could see an ogre.

Vanquished Creatures
  2 jellies (D:2)
  3 adders
  An orc (D:3)
  5 bats
  16 endoplasms
  2 giant cockroaches (D:1)
  A goblin (D:1)
  7 hobgoblins
  8 jackals
  8 kobolds
  A quokka (D:1)
  3 ball pythons
  3 frilled lizards
  A rat (D:1)
61 creatures vanquished.

Vanquished Creatures (others)
  9 fungi (D:2)
  8 toadstools (D:2)
17 creatures vanquished.

Grand Total: 78 creatures vanquished

Notes
Turn   | Place    | Note
-------+----------+-------------------------------------------
     0 | D:1      | Armakuni the Human Gladiator began the quest for the Orb.
     0 | D:1      | Reached XP level 1. HP: 16/16 MP: 1/1
    64 | D:1      | Reached XP level 2. HP: 14/23 MP: 2/2
   204 | D:1      | Found a faded altar of an unknown god.
   598 | D:1      | Reached XP level 3. HP: 28/28 MP: 3/3
  1087 | D:2      | Reached XP level 4. HP: 12/35 MP: 4/4
  1318 | D:2      | You fall into a shaft and drop 1 floor!
  1850 | D:2      | Reached XP level 5. HP: 11/42 MP: 1/5
  2558 | D:3      | Noticed an ogre
  2811 | D:3      | Noticed a necrophage
  2814 | D:3      | Noticed Sigmund
  3087 | D:3      | Demolished by an ogre

Illustrated notes

Levels and vault maps discovered:
D:1:      dpeg_arrival_arbitrary_c, layout_loops_ring,
          shapermc_ecumenical_altar_gd
D:2:      cheibrodos_fertilizer, layout_basic, hex_intersection
D:3:      layout_loops_ring, uniq_sigmund

Skill      XL: |  1  2  3  4  5 |
---------------+----------------+-----
Fighting       | 3 4 |  4.0
Staves         | 4 |  4.7
Throwing       | |  2.0
Dodging        | |  3.0

Action                   |  1- 3 |  4- 6 || total
-------------------------+-------+-------++-------
Melee: Quarterstaff      |    86 |    78 ||   164
Throw: Throwing net      |     2 |     6 ||     8
  Use: Scroll            |     2 |     7 ||     9
 Stab: Sleeping          |     3 |     1 ||     4
       Held in net/web   |       |     4 ||     4
Armor: Leather armour    |    38 |    18 ||    56
Dodge: Dodged            |    73 |    47 ||   120
